 Dungeon Crawl Stone Soup version 0.28.0-45-g0d030f2227 (webtiles) character file.

Game seed: 6529252069010967345

100 Peloso the Covered (level 4, 0/40 HPs)
             Began as a Minotaur Fighter on Apr 4, 2022.
             Slain by Eustachio
             ... wielding a +0 rapier
              (2 damage)
             ... on level 4 of the Dungeon.
             The game lasted 00:02:38 (2486 turns).

Peloso the Covered (Minotaur Fighter)               Turns: 2486, Time: 00:02:39

Health: 0/40       AC: 12    Str: 20    XL:     4   Next: 46%
Magic:  3/3        EV:  5    Int:  5    God:
Gold:   89         SH:  5    Dex: 12    Spells: 3/3 levels left

rFire   . . .      SeeInvis .   a - +0 long sword
rCold   . . .      Faith    .   c - +0 buckler
rNeg    . . .      Spirit   .   g - +0 plate armour
rPois   .          Reflect  .   (helmet restricted)
rElec   .          Harm     .   (no cloak)
rCorr   .          Rampage  .   (no gloves)
Will    .....                   (no boots)
Stlth   ..........              (no amulet)
HPRegen 0.13/turn               (no ring)
MPRegen 0.08/turn               (no ring)

@: no status effects
A: horns 2, retaliatory headbutt
a: no special abilities


You were on level 4 of the Dungeon.
You visited 1 branch of the dungeon, and saw 4 of its levels.

You collected 89 gold pieces.

Inventory:

Hand Weapons
 a - a +0 long sword (weapon)
Missiles
 h - 3 throwing nets (quivered)
Armour
 b - a +0 scale mail
 c - a +0 buckler (worn)
 g - a +0 plate armour (worn)
Jewellery
 i - a ring of positive energy
Scrolls
 f - 4 scrolls of identify {unknown}
 j - a scroll of amnesia {unknown}
 l - a scroll of holy word {unknown}
 m - a scroll of noise {unknown}
 n - a scroll of blinking {unknown}
 o - a scroll of enchant armour {unknown}
Potions
 d - a potion of might
 e - 3 potions of curing {unknown}
 k - 2 potions of haste {unknown}
 p - a potion of resistance {unknown}


   Skills:
 + Level 4.2 Fighting
 + Level 3.4 Long Blades
 + Level 4.7 Armour
 + Level 0.5 Stealth
 + Level 4.2 Shields


You had 3 spell levels left.
You didn't know any spells.
Your spell library was empty.

Dungeon Overview and Level Annotations

Branches:
Dungeon (4/15)
 Temple: D:4-7

Altars:

Shops:
D:4 (

Annotations:
D:4 Eustachio


Innate Abilities, Weirdness & Mutations

You have a pair of horns on your head.
You reflexively headbutt those who attack you in melee.


Message History

Something hits you but does no damage. The shadow imp hits you.
You hear some strange, mumbled words.
The iron imp hits you but does no damage.
You hit the iron imp.
The iron imp is lightly wounded.
You block the shadow imp's attack. The iron imp hits you!
The shadow imp hits you.
You barely miss the iron imp.
The iron imp is lightly wounded.
The iron imp disappears in a puff of smoke!
The shadow imp gestures at you. Pain shoots through your body!
* * * LOW HITPOINT WARNING * * *
The ufetubus hits you but does no damage. x2
You barely miss the shadow imp.
The ufetubus disappears in a puff of smoke!
The shadow imp disappears in a puff of smoke!
You completely miss the river rat. You block the river rat's attack.
You barely miss the river rat. The river rat barely misses you.
You furiously retaliate!
You headbutt the river rat. You hit the river rat but do no damage.
The river rat is moderately wounded.
The river rat bites you but does no damage.
You closely miss the river rat. Your headbutt misses the river rat.
The river rat is moderately wounded.
You hear some strange, mumbled words.
The river rat barely misses you.
The river rat bites you but does no damage.
You hit the river rat. Your headbutt misses the river rat.
The river rat is heavily wounded.
The river rat bites you but does no damage.
You hit the river rat.
The river rat is almost dead.
You hear some strange, mumbled words.
The river rat barely misses you. You furiously retaliate!
You headbutt the river rat. You closely miss something.
The river rat bites you.
* * * LOW HITPOINT WARNING * * *
Something hits you.
You die...

#.##..# #. .
#.##..###### .##
#.##..##.... ...
#........... #.#
###...##....# #5#
#.#.# #.#.# #r#
#.#[# #.#.# #5#
#.#.###.#.# #r#
#.#⌠.⌠#.#.# #@#
#.#.∩...#.# #{#
#.#⌠.⌠..#.###.######
#.#................#
#####.##########...
#.# #.# #.# #.#


You could see a river rat (summoned), a shadow imp (summoned), an ufetubus
(summoned) and a quokka (summoned).

Vanquished Creatures
  4 adders
  3 dart slugs
  4 ball pythons
  4 bats
  6 endoplasms
  2 giant cockroaches
  3 goblins
  7 hobgoblins
  3 jackals (D:1)
  5 quokkas
  3 frilled lizards
  6 kobolds
  6 rats
56 creatures vanquished.

Notes
Turn   | Place    | Note
-------+----------+-------------------------------------------
     0 | D:1      | Peloso the Minotaur Fighter began the quest for the Orb.
     0 | D:1      | Reached XP level 1. HP: 19/19 MP: 0/0
   148 | D:1      | Reached XP level 2. HP: 27/27 MP: 1/1
   898 | D:1      | Reached XP level 3. HP: 31/33 MP: 2/2
   999 | D:2      | Found a faded altar of an unknown god.
  1557 | D:2      | Reached XP level 4. HP: 40/40 MP: 3/3
  2441 | D:4      | Found Loithaij's Antique Weapon Emporium.
  2457 | D:4      | Noticed Eustachio
  2486 | D:4      | HP: 2/40 [river rat[Eustachio] (6)]
  2486 | D:4      | Slain by Eustachio

Illustrated notes

Levels and vault maps discovered:
D:1:      elethiomel_arrival_quiet, layout_basic, hangedman_decor_riveting,
          hangedman_decor_clover_reticule
D:2:      layout_basic, hellmonk_ecumenical_altar_leap_of_faith
D:3:      layout_basic
D:4:      layout_loops_ring, serial_shops, kennysheep_mini, shop_statue,
          nicolae_shop_statue_plus, shop_fountains, kennysheep_generic_room_8,
          uniq_eustachio, uniq_natasha

Skill      XL: |  1  2  3 |
---------------+----------+-----
Armour         | 4 |  4.7
Shields        | 4 |  4.2
Fighting       | 4 |  4.2
Long Blades    | 3 |  3.4
Stealth        | |  0.5

Action                   |  1- 3 |  4- 6 || total
-------------------------+-------+-------++-------
Melee: Long sword        |    84 |    53 ||   137
       Headbutt          |    14 |     5 ||    19
Armor: Plate armour      |    61 |    31 ||    92
       Scale mail        |     2 |       ||     2
Dodge: Dodged            |    24 |    11 ||    35
Block: Buckler           |    13 |    16 ||    29
